 Dungeon Crawl Stone Soup version 0.23-a0-612-gcb482e9 (webtiles) character file.

232 Mgcat the Magician (level 5, -3/28 HPs)
             Began as a Deep Elf Earth Elementalist on Dec 21, 2018.
             Killed by divine providence
             ... invoked by an orc priest
              (13 damage)
             ... on level 4 of the Dungeon.
             The game lasted 00:05:49 (3015 turns).

Mgcat the Magician (Deep Elf Earth Elementalist)    Turns: 3015, Time: 00:05:50

Health: -3/28      AC: 10    Str:  5    XL:     5   Next: 73%
Magic:  3/14       EV: 14    Int: 21    God:
Gold:   101        SH:  0    Dex: 15    Spells: 4/13 levels left

rFire    . . .     SeeInvis .   e - +1 dagger
rCold    . . .     Gourm    .   (no shield)
rNeg     . . .     Faith    .   c - +0 robe
rPois    .         Spirit   .   r - +1 helmet
rElec    .         Reflect  .   q - +0 cloak
rCorr    .         Harm     .   s - +1 pair of gloves
MR       .....                  u - +2 pair of boots
Stlth    ++++......             (no amulet)
HPRegen  0.09/turn              h - ring of wizardry {Wiz+, !d}
MPRegen  0.14/turn              p - ring of stealth {Stlth+}

@: no status effects
A: no striking features
a: no special abilities


You were on level 4 of the Dungeon.
You were not hungry.

You visited 1 branch of the dungeon, and saw 4 of its levels.

You collected 101 gold pieces.

Inventory:

Hand Weapons
 e - a +1 dagger (weapon)
   (You took it off a kobold on level 1 of the Dungeon)
Missiles
 b - 104 stones (quivered)
Armour
 c - a +0 robe (worn)
 q - a +0 cloak (worn)
   (You found it on level 2 of the Dungeon)
 r - a +1 helmet (worn)
   (You found it on level 2 of the Dungeon)
 s - a +1 pair of gloves (worn)
   (You found it on level 2 of the Dungeon)
 u - a +2 pair of boots (worn)
   (You found it on level 3 of the Dungeon)
Jewellery
 h - a ring of wizardry (left hand) {Wiz+, !d}
   (You found it on level 1 of the Dungeon)
 k - an uncursed ring of fire {rF+, rC-}
   (You found it on level 3 of the Dungeon)
 p - a ring of stealth (right hand) {Stlth+}
   (You found it on level 2 of the Dungeon)
 w - an uncursed ring of fire {rF+, rC-}
   (You found it on level 3 of the Dungeon)
Scrolls
 a - 2 scrolls of identify
 n - 2 scrolls of remove curse
 t - a scroll of amnesia {unknown}
Potions
 f - 2 potions of might
 g - a potion of invisibility
 i - 4 potions of curing
 j - a potion of flight {unknown}
 m - a potion of lignification {!q}
 o - a potion of berserk rage {!q}
Comestibles
 d - 7 rations


   Skills:
 + Level 4.2 Dodging
 + Level 4.4 Stealth
 + Level 4.7 Spellcasting
   Level 1.1 Transmutations
 + Level 4.5 Earth Magic


You had 4 spell levels left.
You knew the following spells:

 Your Spells              Type           Power        Failure   Level  Hunger
a - Sandblast             Erth           ###...       1%          1    None
b - Stone Arrow           Conj/Erth      ##....       5%          3    ##.....
c - Lee's Rapid Deconstr  Erth           ###.......   19%         5    ######.

Your spell library contained the following spells:

 Spells                   Type           Power        Failure   Level  Hunger
 Passwall                 Tmut/Erth      ###.....     2%          2    #......
 Petrify                  Tmut/Erth      ###.....     14%         4    ####...


Dungeon Overview and Level Annotations

Branches:
Dungeon (4/15)
 Temple: D:4-7

Altars:

Annotations:
D:3 3 runed doors, Lavandula's ghost, amateur NaAE


Message History

Aim: an orc wizard, wielding a +0 dagger and wearing a +0 robe (hasn't noticed The blast of sand hits the orc wizard.
You kill the orc wizard!
Your Dodging skill increases to level 4!
b - 114 stones The orc wizard shouts!
The orc priest calls down the wrath of Beogh upon you.
Beogh smites you!
Casting: Sandblast (safe; 1% risk of failure)
Confirm with . or Enter, or press ? or * to list all spells.
Aiming: Sandblast (safe; 1% risk of failure)
Press: ? - help, Shift-Dir - straight line, f - orc priest
Aim: an orc priest, wielding a -2 dagger and wearing a cursed +0 leather armour The blast of sand hits the orc priest.
The orc priest is lightly wounded.
b - 113 stones
Casting: Sandblast (safe; 1% risk of failure)
Confirm with . or Enter, or press ? or * to list all spells.
Aiming: Sandblast (safe; 1% risk of failure)
Press: ? - help, Shift-Dir - straight line, f/p - orc priest
Aim: an orc priest, wielding a -2 dagger and wearing a cursed +0 leather armour The blast of sand hits the orc priest.
The orc priest is heavily wounded.
b - 112 stones An orc priest comes into view.
It is wielding a +0 club.
Casting: Sandblast (safe; 1% risk of failure)
Confirm with . or Enter, or press ? or * to list all spells.
Aiming: Sandblast (safe; 1% risk of failure)
Press: ? - help, Shift-Dir - straight line, f/p - orc priest
Aim: an orc priest, wielding a -2 dagger and wearing a cursed +0 leather armour The blast of sand hits the orc priest.
You kill the orc priest!
b - 111 stones
Casting: Sandblast (safe; 1% risk of failure)
Confirm with . or Enter, or press ? or * to list all spells.
Aiming: Sandblast (safe; 1% risk of failure)
Press: ? - help, Shift-Dir - straight line, f - orc wizard
Aim: an orc wizard, wielding a +0 dagger and wearing a +0 robe The blast of sand misses the orc wizard.
b - 110 stones
Casting: Sandblast (safe; 1% risk of failure)
Confirm with . or Enter, or press ? or * to list all spells.
Aiming: Sandblast (safe; 1% risk of failure)
Press: ? - help, Shift-Dir - straight line, f/p - orc wizard
Aim: an orc wizard, wielding a +0 dagger and wearing a +0 robe The blast of sand hits the orc wizard.
The orc wizard is moderately wounded.
b - 109 stones
Casting: Sandblast (safe; 1% risk of failure)
Confirm with . or Enter, or press ? or * to list all spells.
Aiming: Sandblast (safe; 1% risk of failure)
Press: ? - help, Shift-Dir - straight line, f/p - orc wizard
Aim: an orc wizard, wielding a +0 dagger and wearing a +0 robe (moderately The blast of sand hits the orc wizard.
The orc wizard is heavily wounded.
b - 108 stones The orc wizard points at you and mumbles some strange words.
The puff of frost hits you!
The orc priest calls upon Beogh to heal the orc wizard.
The orc wizard is healed somewhat.
Casting: Sandblast (safe; 1% risk of failure)
Confirm with . or Enter, or press ? or * to list all spells.
Aiming: Sandblast (safe; 1% risk of failure)
Press: ? - help, Shift-Dir - straight line, f/p - orc wizard
Aim: an orc wizard, wielding a +0 dagger and wearing a +0 robe (moderately The blast of sand hits the orc wizard.
The orc wizard is almost dead.
b - 107 stones The orc wizard mumbles some strange words.
The orc wizard seems to speed up.
Casting: Sandblast (safe; 1% risk of failure)
Confirm with . or Enter, or press ? or * to list all spells.
Aiming: Sandblast (safe; 1% risk of failure)
Press: ? - help, Shift-Dir - straight line, f/p - orc wizard
Aim: an orc wizard, wielding a +0 dagger and wearing a +0 robe (almost dead, The blast of sand hits the orc wizard.
The orc wizard is almost dead.
b - 106 stones The orc wizard casts a cantrip, but nothing happens.
The orc wizard casts a spell at you. The magic dart hits you!
Casting: Sandblast (safe; 1% risk of failure)
Confirm with . or Enter, or press ? or * to list all spells.
Aiming: Sandblast (safe; 1% risk of failure)
Press: ? - help, Shift-Dir - straight line, f/p - orc wizard
Aim: an orc wizard, wielding a +0 dagger and wearing a +0 robe (almost dead, The blast of sand hits the orc wizard.
You kill the orc wizard!
b - 105 stones
Casting: Sandblast (safe; 1% risk of failure)
Confirm with . or Enter, or press ? or * to list all spells.
Aiming: Sandblast (safe; 1% risk of failure)
Press: ? - help, Shift-Dir - straight line, f - orc priest
Aim: an orc priest, wielding a +0 club and wearing a +0 scale mail The blast of sand hits the orc priest.
The orc priest is severely wounded.
b - 104 stones The orc priest invokes the aid of Beogh against you.
Beogh smites you!
You die...

... ..#
#.....#
.....#
#
..#.#.#
...#.
..) #o#
#@# #.#
#.# #.#
#.# ..#
#.# #.#


You could see an orc priest.

Vanquished Creatures
  An orc priest (D:4)
  Natasha (twice) (D:2)
  2 orc wizards (D:4)
  2 adders
  3 oozes
  3 worms (D:3)
  2 dart slugs
  3 leopard geckos
  8 bats
  5 giant cockroaches
  6 goblins
  4 hobgoblins
  2 quokkas (D:2)
  4 frilled lizards
  4 kobolds
  10 rats
61 creatures vanquished.

Vanquished Creatures (others)
  3 fungi (D:3)
  A plant (D:3)
4 creatures vanquished.

Grand Total: 65 creatures vanquished

Notes
Turn   | Place    | Note
-------+----------+-------------------------------------------
     0 | D:1      | Mgcat the Deep Elf Earth Elementalist began the quest for
                  | the Orb.
     0 | D:1      | Reached XP level 1. HP: 10/10 MP: 6/6
    87 | D:1      | Reached XP level 2. HP: 15/15 MP: 6/8
   411 | D:1      | Reached skill level 3 in Stealth
   495 | D:1      | Reached skill level 3 in Dodging
   577 | D:1      | Reached XP level 3. HP: 16/19 MP: 9/9
   582 | D:1      | Learned a level 3 spell: Stone Arrow
  1174 | D:2      | Noticed Natasha
  1180 | D:2      | Killed Natasha
  1180 | D:2      | Reached XP level 4. HP: 21/24 MP: 1/11
  1251 | D:2      | Reached skill level 4 in Earth Magic
  1551 | D:2      | Noticed Natasha
  1556 | D:2      | Killed Natasha
  1556 | D:2      | Reached skill level 4 in Spellcasting
  2050 | D:3      | Reached XP level 5. HP: 28/28 MP: 6/13
  2057 | D:3      | Learned a level 5 spell: Lee's Rapid Deconstruction
  2304 | D:3      | Found a runed gate.
  2308 | D:3      | Noticed Lavandula's ghost (amateur NaAE)
  2309 | D:3      | Found a runed gate.
  2309 | D:3      | Found a runed gate.
  2788 | D:3      | Reached skill level 4 in Stealth
  3005 | D:4      | Reached skill level 4 in Dodging
  3015 | D:4      | Killed from afar by an orc priest

Vault maps used:
D:1:      dpeg_arrival_refuge
D:2:      uniq_natasha
D:3:      gammafunk_ghost_nasty_kobolds
D:4:      nicolae_overflow_crystal_walls, ebering_ghost_reflecting_pool,
          uniq_blork_the_orc

Skill      XL: |  1  2  3  4  5 |
---------------+----------------+-----
Stealth        | 3 4 |  4.4
Dodging        | 3 4 |  4.2
Earth Magic    | 4 |  4.5
Spellcasting   | 4 |  4.7
Transmutations | |  1.1

Action                   |  1- 3 |  4- 6 || total
-------------------------+-------+-------++-------
Melee: Dagger            |    20 |    19 ||    39
 Cast: Sandblast         |    29 |    20 ||    49
       Stone Arrow       |    13 |    31 ||    44
  Use: Scroll            |       |    10 ||    10
 Stab: Sleeping          |     3 |       ||     3
  Eat: Chunk             |     2 |     8 ||    10
Armor: Robe              |     9 |    11 ||    20
Dodge: Dodged            |    18 |    18 ||    36

Table legend:
 A = Non-vault XP
 B = Vault XP
 C = Vault XP percentage of total XP
 D = Non-vault monster count
 E = Vault monster count
 F = Vault count percentage of total count
                 A         B        C        D         E       F
            +---------+---------+-------+---------+---------+-------
      Total |     297 |      35 |  10.5 |      60 |       1 |   1.6
            +---------+---------+-------+---------+---------+-------
        D:1 |      41 |       0 |   0.0 |      21 |       0 |   0.0
        D:2 |      81 |      35 |  30.2 |      21 |       1 |   4.5
        D:3 |      56 |       0 |   0.0 |      15 |       0 |   0.0
        D:4 |     119 |       0 |   0.0 |       3 |       0 |   0.0
            +---------+---------+-------+---------+---------+-------

Vault maps used:
D:1:      dpeg_arrival_refuge
D:2:      uniq_natasha
D:3:      gammafunk_ghost_nasty_kobolds
D:4:      nicolae_overflow_crystal_walls, ebering_ghost_reflecting_pool,
          uniq_blork_the_orc

Table legend:
 A = Turns spent in this place as a percentage of turns spent in the entire game.
 B = Non-inter-level travel turns spent in this place as a percentage of non-inter-level travel turns spent in the entire game.
 C = Inter-level travel turns spent in this place as a percentage of turns spent in this place.
 D = Turns resting spent in this place as a percentage of non-inter-level travel turns spent in this place.
 E = Turns spent auto-exploring this place as a percentage of non-inter-level travel turns spent in this place.
 F = Non-inter-level travel turns spent in this place divided by the number of levels of this place that you've seen.
                   A       B       C       D       E      F
               +-------+-------+-------+-------+-------+----------------------
         Total | 100.0 | 100.0 |   2.3 |   0.5 |  85.3 | 736.5
       Dungeon | 100.0 | 100.0 |   2.3 |   0.5 |  85.3 | 736.5
               +-------+-------+-------+-------+-------+----------------------

Table legend:
 A = Kills in this place as a percentage of kills in entire the game.
 B = Kills by you in this place as a percentage of kills by you in the entire game.
 C = Kills by friends in this place as a percentage of kills by friends in the entire game.
 D = Other kills in this place as a percentage of other kills in the entire game.
 E = Experience gained in this place as a percentage of experience gained in the entire game.
 F = Experience gained in this place divided by the number of levels of this place that you have seen.
                   A       B       C       D       E      F
               +-------+-------+-------+-------+-------+----------------------
         Total | 100.0 | 100.0 |   N/A |   N/A | 100.0 |  83.0
       Dungeon | 100.0 | 100.0 |   N/A |   N/A | 100.0 |  83.0
               +-------+-------+-------+-------+-------+----------------------
